 Dungeon Crawl Stone Soup version 0.31-a0-121-g1e386dd289 (console) character file.

Game seed: 4250450913581341682

53 Ignak the Ogre Mage (level 3, 0/33 HPs)
             Began as an Ogre Hedge Wizard on June 1, 2023.
             Killed by miscasting Mephitic Cloud (8 damage)
             ... on level 1 of the Dungeon.
             The game lasted 00:05:58 (1565 turns).

Ignak the Ogre Mage (Ogre Hedge Wizard)             Turns: 1565, Time: 00:05:59

Health: 0/33       AC:  3    Str: 16    XL:     3   Next: 87%
Magic:  5/8        EV:  9    Int: 15    God:
Gold:   63         SH:  0    Dex:  8    Spells: 1/9 levels left

rFire   . . .        f - +1 whip (freeze)
rCold   . . .        (no shield)
rNeg    . . .        b - +0 robe
rPois   .            c - +0 hat
rElec   .            (no cloak)
rCorr   .            (gloves unavailable)
SInv    .            (boots unavailable)
Will    .....        (no amulet)
Stlth   +            (no ring)
HPRegen 0.25/turn    (no ring)
MPRegen 0.11/turn

%: no passive effects
@: lethally poisoned (0 -> -2), very slightly contaminated
A: large, unfitting armour, tough skin 1
a: no special abilities


You were on level 1 of the Dungeon.
You visited 1 branch of the dungeon, and saw 2 of its levels.

You collected 63 gold pieces.

Inventory:

Hand Weapons
 a - a +0 dagger
 f - a +1 whip of freezing (weapon)
 i - a +0 whip
Armour
 b - a +0 robe (worn)
 c - a +0 hat (worn)
 e - an orb of wrath
Jewellery
 l - a ring of resist corrosion
Scrolls
 k - a scroll of fog {unknown}
Potions
 d - 2 potions of magic
 g - a potion of lignification {unknown}
 h - a potion of heal wounds {unknown}
 j - a potion of ambrosia {unknown}


   Skills:
 + Level 1.5 Fighting
 * Level 0.9 Maces & Flails
 + Level 2.1 Dodging
 - Level 1.4 Stealth
 + Level 3.9 Spellcasting
 + Level 1.3 Conjurations
 - Level 0.8 Summonings
 + Level 1.3 Translocations
 + Level 0.1 Air Magic
 + Level 0.3 Poison Magic


You had one spell level left.
You knew the following spells:

 Your Spells              Type           Power      Damage    Failure   Level
a - Magic Dart            Conj           28%        1d4       11%         1
d - Mephitic Cloud        Conj/Pois/Air  4%         N/A       38%         3
e - Call Imp              Summ           10%        N/A       19%         2
t - Passwall              Tmut/Erth      1%         N/A       28%         2

Your spell library contained the following spells:

 Spells                   Type           Power      Damage    Failure   Level
 Slow                     Hex            8%         N/A       19%         1
 Blink                    Tloc           14%        N/A       16%         2
 Cigotuvi's Dreadful Rot  Necr/Pois/Air  6%         N/A       26%         2
 Ensorcelled Hibernation  Hex/Ice        4%         N/A       28%         2
 Swiftness                Air            3%         N/A       45%         3


Dungeon Overview and Level Annotations

Branches:
Dungeon (2/15)

Altars:


Innate Abilities, Weirdness & Mutations

You are too large for most types of armour.
You have tough skin. (AC +1)


Message History

You are poisoned.
The adder poisons you! The adder bites you but does no damage.
You barely miss the adder.
You feel sick. The adder barely misses you.
You closely miss the adder.
You feel sick. The adder bites you. The adder bites you but does no damage.
You barely miss the adder.
You feel sick. The adder bites you.
You are more poisoned.
The adder poisons you!
You miss the adder.
You feel sick. The adder bites you but does no damage.
You closely miss the adder.
You feel sick. The adder barely misses you. The adder bites you.
You are more poisoned.
The adder poisons you!
Your magical contamination has completely faded away.
You closely miss the adder.
You feel sick. The adder closely misses you.
You miss the adder.
You feel sick. The adder closely misses you.
You barely miss the adder.
You feel sick. The adder bites you.
* * * LOW HITPOINT WARNING * * *
The adder closely misses you.
You miss the adder.
You feel sick. The adder bites you but does no damage.
Okay, then.
Casting: Magic Dart (safe; 11% risk of failure)
Confirm with . or Enter, or press ? or * to list all spells.
The spell is quite dangerous to miscast (38% risk of failure)!
Continue anyway?
Aiming: Mephitic Cloud (quite dangerous; 38% risk of failure)
Press: ? - help, Shift-Dir - straight line, f/p - adder
Aim: an adder (chance to affect: 91%) That beam is likely to hit you.
Continue anyway?
Okay, then.
Casting: Mephitic Cloud (quite dangerous; 38% risk of failure)
Confirm with . or Enter, or press ? or * to list all spells.
The spell is quite dangerous to miscast (38% risk of failure)!
Continue anyway?
Aiming: Mephitic Cloud (quite dangerous; 38% risk of failure)
Press: ? - help, Shift-Dir - straight line, f/p - adder
Aim: an adder (chance to affect: 91%) That beam is likely to hit you.
Continue anyway?
You miscast Mephitic Cloud.
You are very lightly contaminated with residual magic.
There is a short, sharp shower of sparks!
You die...

###### #....#############
##...............###########
#####...#########...........###
...####....#############......#
##..#####......S@........######
###.......##..############(.#
#...####....#...†...........#
..#.............###.###..####
....###########..##....>...#
##### ###............# ...###
#...###........# ##...###
#..............# ####...##
##.....##......######


You could see an adder.

Vanquished Creatures
  2 adders
  A dart slug (D:1)
  3 endoplasms (D:1)
  3 giant cockroaches (D:1)
  4 goblins
  3 hobgoblins
  2 jackals (D:1)
  3 kobolds
  A quokka (D:2)
  4 ball pythons (D:1)
  2 bats
  A frilled lizard (D:1)
  2 rats
31 creatures vanquished.

Notes
Turn   | Place    | Note
-------+----------+-------------------------------------------
     0 | D:1      | Ignak the Ogre Hedge Wizard began the quest for the Orb.
     0 | D:1      | Reached XP level 1. HP: 16/16 MP: 5/5
   108 | D:1      | Reached skill level 1 in Conjurations
   108 | D:1      | Reached skill level 1 in Translocations
   346 | D:1      | Reached XP level 2. HP: 16/26 MP: 6/6
   464 | D:1      | Reached skill level 1 in Fighting
   745 | D:1      | Learned a level 2 spell: Passwall
   794 | D:1      | Reached XP level 3. HP: 31/33 MP: 8/8
   798 | D:1      | Learned a level 3 spell: Mephitic Cloud
  1162 | D:1      | Learned a level 2 spell: Call Imp
  1565 | D:1      | Killed by miscasting Mephitic Cloud

Illustrated notes

Levels and vault maps discovered:
D:1:      dpeg_arrival_central, layout_rooms
D:2:      wad_woods_tower, layout_basic, serial_curves, eino_curves_04,
          eino_curves_02, grunt_ministairs_10, uniq_terence, uniq_robin

Skill      XL: |  1  2 |
---------------+-------+-----
Conjurations   | 1 |  1.3
Translocations | 1 |  1.3
Dodging        | 2 |  2.1
Fighting       | 1 |  1.5
Maces & Flails | |  0.9
Stealth        | |  1.4
Spellcasting   | |  3.9
Summonings     | |  0.8
Air Magic      | |  0.1
Poison Magic   | |  0.3

Action                     || total
---------------------------++-------
  Melee: Dagger            ||    53
         Whip              ||    66
  Throw: Dart              ||    29
   Cast: Magic Dart        ||     6
         Passwall          ||     5
         Mephitic Cloud    ||     2
   Stab: Confused          ||     1
 Armour: Robe              ||    63
  Dodge: Dodged            ||    84

Table legend: (Time is in decaauts)
 A = Elapsed time spent in this place.
 B = Non-inter-level travel time spent in this place.
 C = Inter-level travel time spent in this place.
 D = Time resting spent in this place.
 E = Time spent auto-exploring this place.
 F = Levels seen in this place.
 G = Mean time per level.
                   A        B        C        D        E       F      G
               +--------+--------+--------+--------+--------+-----+--------+
         Total |   1573 |   1535 |     38 |    342 |    495 |   2 |  786.5 |
       Dungeon |   1573 |   1535 |     38 |    342 |    495 |   2 |  786.5 |
               +--------+--------+--------+--------+--------+-----+--------+

Top non-repeatable levels by time:
     D:1: 1206 daAuts
     D:2: 367 daAuts
